 Dungeon Crawl Stone Soup version 0.16.1-51-g6203257 (webtiles) character file.

107 maniek23 the Insei (level 4, 0/32 HPs)
             Began as a Vampire Transmuter on Aug 1, 2015.
             Slain by a water moccasin (8 damage)
             ... on level 3 of the Dungeon.
             The game lasted 00:12:03 (3215 turns).

maniek23 the Insei (Vampire Transmuter)             Turns: 3215, Time: 00:12:03

Health: 0/32       AC:  2    Str:  9    XL:     4   Next: 57%
Magic:  5/8        EV: 22    Int: 15    God:
Gold:   79         SH:  0    Dex: 20    Spells: 3 memorised, 1 level left

rFire  . . .     SeeInvis +       - Unarmed
rCold  . . .     Clarity  .     c - melded +0 robe
rNeg   . . .     SustAb   .     (shield currently unavailable)
rPois  x         Gourm    .     (helmet currently unavailable)
rElec  .         Spirit   .     (cloak currently unavailable)
rCorr  .         Warding  .     (gloves currently unavailable)
rMut   .         Stasis   .     e - melded +0 pair of boots
MR     .....                    r - amulet of rage
Stlth  +++.......               (no ring)
                                (no ring)

@: lethally poisoned (0 -> -7), spider-form (expiring), regenerating quickly,
not resistant to hostile enchantments, fairly stealthy
A: bottle blood, (fangs 0), see invisible, (unbreathing)
a: End Transformation, Evoke Berserk Rage


You were on level 3 of the Dungeon.
You were full.
You were a venomous arachnid creature.
You visited 1 branch of the dungeon, and saw 3 of its levels.

You collected 79 gold pieces.

Inventory:

Hand weapons
 n - a +2 dagger of electrocution
 o - a +0 club
Missiles
 b - 6 arrows
Armour
 a - a +0 helmet
 c - a +0 robe (melded)
 e - a +0 pair of boots (melded)
Jewellery
 r - an amulet of rage (around neck)
Scrolls
 f - 9 scrolls of identify {unknown}
 g - 2 scrolls of random uselessness {unknown}
 h - 2 scrolls of amnesia {unknown}
 i - 3 scrolls of remove curse {unknown}
 l - a scroll of fear {unknown}
 p - a scroll of fog {unknown}
 s - a scroll of noise {unknown}
 t - 2 scrolls of enchant armour {unknown}
 u - a scroll of immolation {unknown}
Potions
 j - 2 potions of curing {unknown}
 k - a potion of degeneration {unknown}
 m - a potion of ambrosia {unknown}
 q - 6 potions of blood
 v - a potion of flight {unknown}
Books
 d - a book of Changes

   Spells                             Type                      Level
   a - Beastly Appendage              Transmutation                1
   b - Sticks to Snakes               Transmutation                2
   c - Spider Form                    Transmutation/Poison         3
   d - Ice Form                       Ice/Transmutation            4
   e - Blade Hands                    Transmutation                5


   Skills:
 + Level 1.4 Fighting
 + Level 3.2 Dodging
 + Level 2.1 Stealth
 + Level 4.4 Unarmed Combat
 + Level 2.3 Spellcasting
 + Level 2.2 Transmutations


You had one spell level left.
You knew the following spells:

 Your Spells              Type           Power        Failure   Level  Hunger
a - Beastly Appendage     Trmt           #.....       28%         1    #......
b - Sticks to Snakes      Trmt           #.........   32%         2    ###....
c - Spider Form           Trmt/Pois      #.........   65%         3    ###....


Dungeon Overview and Level Annotations

Branches:
Dungeon (3/15)

Altars:


Innate Abilities, Weirdness & Mutations

Your natural rate of healing is unusually fast.
You can bottle blood from corpses.
((You have razor-sharp teeth.))
You have supernaturally acute eyesight.
((You can survive without breathing.))


Message History

Your +0 robe melds into your body.
You feel sick. The water moccasin misses you.
You hit the water moccasin but do no damage.
You feel sick. The water moccasin misses you.
You hit the water moccasin.
The water moccasin is lightly wounded.
You feel sick. The water moccasin bites you. The water moccasin misses you.
You hit the water moccasin but do no damage.
The water moccasin is lightly wounded.
* * * LOW HITPOINT WARNING * * *
You feel sick.
The water moccasin completely misses you.
You barely miss the water moccasin.
The water moccasin is lightly wounded.
Your transformation is almost over.
* * * LOW HITPOINT WARNING * * *
You feel sick. The water moccasin closely misses you.
* * * LOW HITPOINT WARNING * * *
You feel sick. The water moccasin bites you!
You die...

#..............# ##.........
##<.............# #.##......
>...............########...(#.#.#
...........................).....
##..............#####..##.#.##...
##...#.....##.### #.##..#.# .#.
#...........#.# #.##.##.# ...
#.............#######.##. #.# #..
#...............sS?##.##. #.. .#
#..........##....#..#...) ...
#.........###.##.............
#......#### #.####........ .
######## ... ......... ....
......... #......#.......
#....#######.. ... #


You could see a water moccasin.

Vanquished Creatures
  3 adders
  A shadow imp (D:3)
  A giant mite (D:1)
  2 worms (D:2)
  An ooze (D:2)
  4 orcs
  3 ball pythons
  5 bats
  3 giant cockroaches
  7 goblins
  2 hobgoblins
  4 giant geckos
  3 giant newts
  7 kobolds
  5 rats
  8 toadstools (D:1)
59 creatures vanquished.

Vanquished Creatures (collateral kills)
  An orc (D:3)
1 creature vanquished.

Vanquished Creatures (others)
  13 toadstools (D:1)
13 creatures vanquished.

Grand Total: 73 creatures vanquished

Notes
Turn   | Place    | Note
--------------------------------------------------------------
     0 | D:1      | maniek23, the Vampire Transmuter, began the quest for the Orb.
     0 | D:1      | Reached XP level 1. HP: 14/14 MP: 3/3
   402 | D:1      | Reached XP level 2. HP: 20/20 MP: 4/4
   499 | D:1      | Reached skill level 4 in Unarmed Combat
   661 | D:1      | Learned a level 2 spell: Sticks to Snakes
   877 | D:2      | Reached XP level 3. HP: 11/25 MP: 4/6
  1077 | D:2      | Reached skill level 1 in Stealth
  1128 | D:2      | Reached skill level 1 in Fighting
  1309 | D:2      | Learned a level 3 spell: Spider Form
  1918 | D:3      | Reached XP level 4. HP: 32/32 MP: 8/8
  1919 | D:3      | Noticed a water moccasin
  3215 | D:3      | Slain by a water moccasin

Action                   |  1- 3 |  4- 6 || total
-------------------------+-------+-------++-------
Melee: Unarmed           |   121 |    84 ||   205
 Cast: Sticks to Snakes  |     2 |     4 ||     6
       Beastly Appendage |     1 |       ||     1
       Spider Form       |       |     1 ||     1
 Abil: End Transformatio |       |     2 ||     2
       Bat Form          |       |     2 ||     2
       Evoke Berserk Rag |       |     1 ||     1
  Use: Potion            |     1 |     8 ||     9
 Stab: Sleeping          |     5 |     1 ||     6
       Distracted        |       |     1 ||     1
  Eat: Corpse            |     4 |       ||     4
